 Dungeon Crawl Stone Soup version 0.23.2-33-g5129a83184 (webtiles) character file.

Game seed: 14070380743938481917

55 Destapler the Skirmisher (level 3, -1/31 HPs)
             Began as a Hill Orc Abyssal Knight on Aug 1, 2019.
             Was a Follower of Lugonu.
             Slain by Crazy Yiuf
             ... wielding a +4 quarterstaff of chaos
              (11 damage)
             ... on level 2 of the Dungeon.
             The game lasted 00:10:24 (2225 turns).

Destapler the Skirmisher (Hill Orc Abyssal Knight)  Turns: 2225, Time: 00:10:24

Health: -1/31      AC:  5    Str: 15    XL:     3   Next: 93%
Magic:  5/5        EV: 11    Int: 12    God:    Lugonu [*.....]
Gold:   170        SH:  0    Dex: 10    Spells: 2/2 levels left

rFire    . . .     SeeInvis .   a - +1 hand axe
rCold    . . .     Gourm    .   (no shield)
rNeg     . . .     Faith    .   b - +0 leather armour
rPois    .         Spirit   .   (no helmet)
rElec    .         Reflect  .   e - +1 cloak
rCorr    .         Harm     .   (no gloves)
MR       .....                  (no boots)
Stlth    +.........             (no amulet)
HPRegen  0.10/turn              (no ring)
MPRegen  0.09/turn              (no ring)

@: no status effects
A: no striking features
a: Depart the Abyss, Renounce Religion


You were on level 2 of the Dungeon.
You worshipped Lugonu.
Lugonu was aware of your devotion.
You were not hungry.

You visited 1 branch of the dungeon, and saw 2 of its levels.
You visited the Abyss 1 time.

You collected 170 gold pieces.

Inventory:

Hand Weapons
 a - a +1 hand axe (weapon)
 f - a +1 dagger of venom
Missiles
 g - 137 stones (quivered)
Armour
 b - a +0 leather armour (worn)
 e - a +1 cloak (worn)
Scrolls
 d - a scroll of teleportation {unknown}
 h - a scroll of remove curse {unknown}
 i - 5 scrolls of identify {unknown}
 k - a scroll of blinking {unknown}
Comestibles
 c - 4 rations


   Skills:
 - Level 3.6 Fighting
 + Level 3.4 Axes
 + Level 2.8 Armour
 * Level 1.8 Dodging
 + Level 3.2 Invocations


You had 2 spell levels left.
You didn't know any spells.
Your spell library was empty.

Dungeon Overview and Level Annotations

Branches:
Dungeon (2/15)

Altars:
Fedhas

Annotations:
D:2 Crazy Yiuf


Message History

Crazy Yiuf barely misses you.
You hit Crazy Yiuf but do no damage.
Crazy Yiuf is lightly wounded.
Crazy Yiuf hits you with a +4 quarterstaff of chaos.
You closely miss Crazy Yiuf.
Crazy Yiuf is lightly wounded.
Crazy Yiuf hits you with a +4 quarterstaff of chaos!
You hit Crazy Yiuf.
Crazy Yiuf is moderately wounded.
Crazy Yiuf closely misses you.
You hit Crazy Yiuf but do no damage.
Crazy Yiuf is moderately wounded.
Crazy Yiuf hits you with a +4 quarterstaff of chaos.
You barely miss Crazy Yiuf.
Crazy Yiuf is moderately wounded.
Crazy Yiuf barely misses you.
You barely miss Crazy Yiuf.
Crazy Yiuf is moderately wounded.
Crazy Yiuf hits you with a +4 quarterstaff of chaos!
You die...

###....###.###.#.###.
#....# #.....# ♣....♣
#.##### ♣♣...♣ #.#
♣♣)♣♣ #.### ♣♣.♣
#...# ♣.♣♣ #...# ###
♣♣.♣ #...# #.. ♣@♣♣
#...######.. #g#
#........... .).
#...######.. #)))#
#...# #.. #).)# #####
#.. ##### #.. #.. #..
###


You could see Crazy Yiuf.

Vanquished Creatures
  An adder (D:2)
  A worm (D:1)
  2 dart slugs (D:1)
  2 bats
  2 giant cockroaches (D:2)
  6 goblins (D:2)
  4 hobgoblins
  4 jackals
  5 kobolds
  A quokka (D:2)
  A ball python (D:1)
  4 frilled lizards
  3 rats
36 creatures vanquished.

Notes
Turn   | Place    | Note
-------+----------+-------------------------------------------
     0 | Abyss:1  | Destapler the Hill Orc Abyssal Knight began the quest for
                  | the Orb.
     0 | Abyss:1  | Reached XP level 1. HP: 19/19 MP: 2/2
    91 | Abyss:2  | Noticed a fire elemental
   146 | Abyss:2  | Noticed a quasit
   167 | Abyss:2  | Noticed a thrashing horror
   170 | D:1      | Escaped the Abyss
   420 | D:1      | Reached skill level 1 in Dodging
   536 | D:1      | Reached XP level 2. HP: 7/26 MP: 3/3
  1208 | D:2      | Reached * piety under Lugonu
  1406 | D:2      | Reached XP level 3. HP: 29/31 MP: 5/5
  1844 | D:2      | Found a blossoming altar of Fedhas.
  2214 | D:2      | Found a runed translucent door.
  2215 | D:2      | Noticed Crazy Yiuf
  2225 | D:2      | Slain by Crazy Yiuf

Skill      XL: |  1  2  3 |
---------------+----------+-----
Dodging        | 1 |  1.8
Axes           | 3 |  3.4
Invocations    | 3 |  3.2
Fighting       | |  3.6
Armour         | |  2.8

Action                   || total
-------------------------++-------
Melee: Hand axe          ||   134
Throw: Stone             ||    19
Invok: Depart the Abyss  ||     1
  Use: Potion            ||     1
  Eat: Chunk             ||     4
Armor: Leather armour    ||    42
Dodge: Dodged            ||    95
